[Event "Tsaghkadzor Open 2024"]
[Site "Tsaghkadzor"]
[Date "2024.10.03"]
[Round "5.3"]
[White "Lysyj, Igor"]
[Black "Yeritsyan, Hayk"]
[Result "1-0"]
[ECO "D35"]
[WhiteElo "2589"]
[BlackElo "2229"]
[Annotator "TA"]
[PlyCount "85"]
[EventDate "2024.09.13"]
[EventType "swiss"]
[EventCountry "ARM"]
[SourceTitle "playchess.com"]
[Source "ChessBase"]
[SourceQuality "1"]
[TimeControl "40/5400+30:1800+30"]

1. d4 d5 2. c4 e6 3. Nf3 Nf6 4. Nc3 Nbd7 5. cxd5 exd5 6. Qc2 Be7 7. Bf4 c6 8. h3 Nf8 9. e3 Ng6 10. Bh2 O-O 11. Bd3 Bd6 {[%emt 0:07:36] White has an edge.} 12. Ne5 (12. Bxd6 $14 Qxd6 13. Rb1) 12... Re8 $11 13. f4 c5 14. O-O c4 15. Be2 a6 16. b3 b5 17. bxc4 bxc4 18. Rab1 Qc7 ({Black should play} 18... a5 $11) 19. g4 $14 {[%emt 0:06:39][%cal Bg2g4,Bg4g5][%mdl 32] Strongly threatening g5. White is much more active.} Bb7 $2 {[%emt 0:07:52] This costs Black the game.} (19... Ne7 $14) 20. g5 $18 Nd7 21. Bf3 Ne7 {[%emt 0:05:08] [#]} 22. Nxc4 $1 Qxc4 23. Rxb7 Qc6 (23... Nf8 $142 24. Qb3 Rab8 25. Qxc4 (25. Nxd5 Qxb3 26. Rxb3 Rxb3 $18) 25... dxc4) 24. Qb3 Rab8 25. Rxb8 (25. Bxd5 $2 {perishes.} Nxd5 26. Rxb8 Rxb8 27. Qxd5 Qxc3 $19) 25... Rxb8 {[%emt 0:00:06] [#]} 26. Nxd5 $1 Qc8 27. Nxe7+ Bxe7 28. Qd3 Rb2 29. Rf2 Qc1+ 30. Kg2 Rb1 31. Qf1 ({Don't take} 31. Qxa6 Qh1+ 32. Kg3 Qe1 $18) 31... Nb6 32. Qxc1 ({Not} 32. Qxa6 Nc4 $14) 32... Rxc1 33. Be4 Nc4 34. Re2 Rc3 35. Bg1 g6 36. Bf2 Ba3 37. Bd5 Nd6 38. Bb3 Nf5 39. e4 {[%emt 0:01:52][%cal Be3e4,Be4e5][%mdl 32] White is clearly winning.} Nd6 40. e5 Nf5 41. Rc2 {[%emt 0:18:14] Prevents Bc1} Rd3 42. d5 Bb4 43. d6 {[%emt 0:00:58] Weighted Error Value: White=0.10 (very precise) /Black=0.42.  Loses game:     	---       	Black=1      Mistake:       	White=1     	Black=2      Inaccurate:     	White=1     	Black=4      OK:         	White=19    	Black=8      Best:        	White=5     	---        Strong:       	White=1     	---} 1-0

[Event "Tsaghkadzor Open 2024"]
[Site "Tsaghkadzor"]
[Date "2024.10.03"]
[Round "5.4"]
[White "Davtyan, Arsen"]
[Black "Gabuzyan, Hovhannes"]
[Result "1/2-1/2"]
[ECO "C04"]
[WhiteElo "2377"]
[BlackElo "2579"]
[Annotator "TA"]
[PlyCount "86"]
[EventDate "2024.09.13"]
[EventType "swiss"]
[EventCountry "ARM"]
[SourceTitle "playchess.com"]
[Source "ChessBase"]
[SourceQuality "1"]
[TimeControl "40/5400+30:1800+30"]

1. e4 e6 2. d4 d5 3. Nd2 Nc6 4. Ngf3 Nf6 5. e5 Nd7 6. Nb3 Be7 7. c3 O-O 8. Bd3 f6 9. exf6 Bxf6 10. h4 {[%emt 0:08:28] Und Ng5 würde nun gewinnen.} e5 {[%emt 0:02:01] [#] Droht ...e4 und aus.} 11. Bxh7+ Kxh7 12. Ng5+ Kg8 {[%emt 0:00:06] Weiss muss nun ...exd4 beachten.} 13. Qh5 Bxg5 ({Nicht} 13... exd4 14. Qh7#) 14. hxg5 Nf6 $1 {[%emt 0:00:03] Wehrt g6 ab} 15. gxf6 Qxf6 16. Qh7+ Kf7 17. Qh5+ Kg8 18. Qh7+ Kf7 19. Qh5+ Qg6 20. Be3 (20. Qxg6+ {vereinfacht} Kxg6 21. Be3 b6 22. O-O-O) 20... Bf5 21. dxe5 Nxe5 22. Nd4 {[%emt 0:00:04] [#]} Rh8 $1 23. Qxg6+ Bxg6 24. Rxh8 Rxh8 25. Ke2 Bd3+ 26. Kd2 Be4 27. b3 {[%emt 0:17:19] Es drohte Nc4+} Bxg2 28. Nb5 a6 29. Nxc7 Rc8 30. Bf4 $1 {[%emt 0:01:09] Die Stellung ist ausgeglichen.} Kf6 (30... Nf3+ 31. Kc2 d4 (31... g5 32. Bg3 $15) 32. Rd1 $11) 31. Bxe5+ Kxe5 $11 {[%emt 0:00:09][%mdl 4096] Endspiel. KRB-KRN} 32. Re1+ $1 Be4 33. Nxa6 Rf8 (33... bxa6 $5 34. f3 $8 Rh8 35. fxe4 dxe4 $11) 34. Nc5 Rxf2+ 35. Re2 Rxe2+ 36. Kxe2 {[%emt 0:00:00][%cal Oe2e3] KB-KN} d4 37. cxd4+ Kxd4 38. Ne6+ Kc3 39. Nxg7 Bb1 40. a4 b6 41. Ne8 Kxb3 42. Nf6 Kxa4 43. Nd5 Kb3 {[%emt 0:00:08] Gewichteter Fehlerwert: Weiß=0.05 (makellos) /Schwarz=0.02 (makellos) .  Ungenau:       	Weiß=2     	---        OK:         	Weiß=14    	Schwarz=14    Bester:       	Weiß=4     	Schwarz=2     Stark:        	Weiß=2     	Schwarz=1     Brilliant:      	---       	Schwarz=1} (43... Ka5 $5) 1/2-1/2

[Event "Tsaghkadzor Open 2024"]
[Site "Tsaghkadzor"]
[Date "2024.10.03"]
[Round "5.5"]
[White "Sukiasyan, Vahe A."]
[Black "Nozdrachev, Vladislav"]
[Result "0-1"]
[ECO "D37"]
[WhiteElo "2358"]
[BlackElo "2515"]
[Annotator "TA"]
[PlyCount "66"]
[EventDate "2024.09.13"]
[EventType "swiss"]
[EventCountry "ARM"]
[SourceTitle "playchess.com"]
[Source "ChessBase"]
[SourceQuality "1"]
[TimeControl "40/5400+30:1800+30"]

1. d4 d5 2. c4 e6 3. Nf3 Nf6 4. Nc3 Be7 5. Bf4 O-O 6. e3 c5 7. dxc5 Bxc5 8. Qc2 Nc6 9. Rd1 Re8 10. cxd5 Nb4 (10... exd5 $11 {keeps the balance.} 11. Be2 Be6) 11. Qc1 (11. Qb3 $16 {Black must now prevent dxe6.} Nbxd5 12. e4) 11... Qa5 {[%emt 0:02:39] White has an edge.} 12. Nd2 (12. Bb5 $1 $14 {is more appropriate.} Rd8 (12... Nxa2 13. Qa1 $16) 13. O-O) 12... Nbxd5 $11 ({But not} 12... exd5 $6 13. a3 Na6 14. Bb5 $16) 13. Nb3 (13. Nc4 $5 Qd8 $8 14. Be2 $11) 13... Qb4 14. Nxc5 {[%emt 0:02:26] a3 is the strong threat.} Nxf4 $1 15. exf4 Qxc5 16. Bb5 {[%emt 0:00:27] Dodges Qc6} Rf8 17. O-O b6 18. Bd3 Bb7 19. Nb5 Qh5 (19... Qxc1 {simplifies} 20. Rxc1 g6 21. Rfd1 Rfd8) 20. h3 (20. Nc3 {simplifies} Rad8 21. h3 Nd5 22. Nxd5 Rxd5 23. f3) 20... Rfd8 {[%emt 1:22:05][%cal Od8d3] Hoping for ...Rxd3!} (20... Rad8 {simplifies} 21. Nc3 Nd5 22. Nxd5 Rxd5 23. f3 Rc8) 21. Qc7 {[%emt 0:26:38] [#]} Bxg2 {[%emt 0:00:00] [#]} 22. Be4 $2 {[%emt 0:08:27][%mdl 8192] Some like it hot. This costs White the game.} Rxd1 $19 23. Bxa8 {[%emt 0:00:12] Threatening mate with Qb8+.} Rxf1+ $40 {[%emt 0:00:00][%mdl 128] White is in trouble.} 24. Kxg2 {[%emt 0:00:04] Intending Qb8+ and mate.} Qxb5 25. Qc8+ {[%emt 0:00:57] [#]} Qe8 $1 ({Don't do} 25... Ne8 26. Bc6 $17) 26. Qxe8+ Nxe8 27. Kxf1 {[%emt 0:00:04][%mdl 4096] Endgame. KB-KN} Kf8 28. Ke2 Ke7 29. Kd3 Kd6 30. Be4 (30. Bf3 {was necessary.}) 30... Nf6 31. Bg2 Nd5 32. Ke4 f5+ 33. Kf3 Nb4 {[%emt 0:00:00] Weighted Error Value: White=0.38/Black=0.12 (very precise) .  Loses game:     	White=1     	---        Mistake:       	White=3     	Black=2      Inaccurate:     	---       	Black=1      OK:         	White=6     	Black=12     Best:        	White=3     	Black=3      Strong:       	---       	Black=2} 0-1

[Event "Tsaghkadzor Open 2024"]
[Site "Tsaghkadzor"]
[Date "2024.10.03"]
[Round "5.6"]
[White "Sahakyan, Aleks"]
[Black "Lobanov, Sergei"]
[Result "1/2-1/2"]
[ECO "B30"]
[WhiteElo "2267"]
[BlackElo "2506"]
[Annotator "RC"]
[PlyCount "155"]
[EventDate "2024.09.13"]
[EventType "swiss"]
[EventCountry "ARM"]
[SourceTitle "playchess.com"]
[Source "ChessBase"]
[SourceQuality "1"]
[TimeControl "40/5400+30:1800+30"]

1. e4 c5 2. Nf3 Nc6 3. Bb5 e6 4. Bxc6 bxc6 5. d3 Ne7 6. Nbd2 f6 7. O-O Ng6 8. h4 e5 9. h5 Nf4 10. Nh4 g6 11. hxg6 hxg6 12. Ndf3 g5 13. Bxf4 exf4 14. Nf5 d5 15. g4 fxg3 16. fxg3 Bxf5 17. exf5 Bd6 18. Kg2 Kf7 19. Qe2 Qd7 20. Rae1 Rae8 21. Qe6+ Qxe6 22. fxe6+ Kg6 23. c3 Re7 24. Re2 Reh7 25. Rfe1 Be7 26. b3 Kf5 27. d4 Kg4 28. Kf2 Bd6 29. Rg1 Re7 30. Kg2 Bxg3 31. dxc5 f5 32. Rd1 Rh6 33. Rd4+ f4 34. Re5 Rg6 35. c4 dxc4 36. bxc4 Rexe6 37. Rd6 Rxd6 38. cxd6 Bh4 39. c5 Rg8 40. d7 Rd8 41. Re8 Rxd7 42. Ne5+ Kf5 43. Nxd7 g4 44. Rf8+ Ke6 45. Nb8 f3+ 46. Kh2 Bf2 47. Rg8 Bxc5 48. Nxc6 Bd6+ 49. Kg1 Kd5 50. Nxa7 Bc5+ 51. Kf1 Bxa7 52. Rxg4 Kc6 53. Rg5 Kb7 54. Rf5 f2 55. Ke2 Ka6 56. Kd3 Bb6 57. Kc4 Be3 58. Kb4 Bd4 59. Rf4 Kb6 60. a4 Bc5+ 61. Kc4 Be3 62. Rf5 Ka6 63. Kb3 Bc5 64. Kc3 Be3 65. Kc4 Ba7 66. Kb4 Bd4 67. a5 Be3 68. Rf6+ Kb7 69. Kb5 Bd4 70. Rf7+ Kb8 71. Kc6 Be3 72. a6 Ka8 73. Kb5 Kb8 74. Kc6 Ka8 75. a7 Bd4 76. Kb5 Bxa7 77. Ka6 Bc5 78. Kb5 1/2-1/2

[Event "Tsaghkadzor Open 2024"]
[Site "Tsaghkadzor"]
[Date "2024.10.03"]
[Round "5.7"]
[White "Kornienko, Konstantin"]
[Black "Davtyan, Artur"]
[Result "1/2-1/2"]
[ECO "E11"]
[WhiteElo "2058"]
[BlackElo "2467"]
[Annotator "RC"]
[PlyCount "87"]
[EventDate "2024.09.13"]
[EventType "swiss"]
[EventCountry "ARM"]
[SourceTitle "playchess.com"]
[Source "ChessBase"]
[SourceQuality "1"]
[TimeControl "40/5400+30:1800+30"]

1. d4 Nf6 2. Nf3 d5 3. c4 e6 4. g3 Bb4+ 5. Bd2 Be7 6. Bg2 O-O 7. Qc2 c6 8. O-O b6 9. Bf4 Ba6 10. Nbd2 Nbd7 11. Rfd1 Rc8 12. Rac1 b5 13. c5 b4 14. Re1 Bb5 15. e4 dxe4 16. Nxe4 Nxe4 17. Qxe4 Nf6 18. Qc2 Nd5 19. Bd2 a5 20. a3 bxa3 21. bxa3 Qc7 22. Ne5 Rfd8 23. Bh3 g6 24. Bh6 Bf8 25. Nxf7 Qxf7 26. Bxe6 Bxh6 27. Bxf7+ Kxf7 28. Rb1 Bg7 29. a4 Ba6 30. Qd2 Nb4 31. Re4 Bf6 32. Rbe1 Kg8 33. Re6 Rf8 34. Rd6 Bc4 35. h4 Rf7 36. Re4 Rcf8 37. Rf4 Bd5 38. Kh2 Kg7 39. h5 gxh5 40. Qe2 Bxd4 41. Qxh5 Rxf4 42. gxf4 Bf6 43. Rd7+ Bf7 44. Qg4+ 1/2-1/2

[Event "Tsaghkadzor Open 2024"]
[Site "Tsaghkadzor"]
[Date "2024.10.03"]
[Round "5.8"]
[White "Gharibyan, Mamikon"]
[Black "Baghdasaryan, Vahe"]
[Result "1-0"]
[ECO "D02"]
[WhiteElo "2472"]
[BlackElo "2251"]
[Annotator "TA"]
[PlyCount "91"]
[EventDate "2024.09.13"]
[EventType "swiss"]
[EventCountry "ARM"]
[SourceTitle "playchess.com"]
[Source "ChessBase"]
[SourceQuality "1"]
[TimeControl "40/5400+30:1800+30"]

1. d4 d5 2. Bf4 Nf6 3. e3 c5 4. Nf3 Nc6 5. Nbd2 e6 6. c3 Bd6 7. Bg3 O-O 8. Bd3 c4 9. Bc2 b5 10. Qe2 Bb7 {[%emt 0:25:12] The position is equal.} 11. e4 dxe4 12. Nxe4 Nxe4 13. Qxe4 {[%emt 0:01:18][%csl Gc2][%cal Re4h7] [#]} g6 14. Qe3 Ne7 15. Bh4 Qc7 16. Bxe7 Bxe7 17. h4 Bxf3 18. Qxf3 e5 19. h5 exd4 20. hxg6 Qe5+ (20... fxg6 $2 21. Qd5+ Rf7 22. Qxa8+ $18) 21. Qe4 {[%emt 0:00:52] Some like it hot} Qxe4+ 22. Bxe4 Rad8 23. gxh7+ Kh8 24. O-O-O Bg5+ (24... dxc3 $6 25. bxc3 Rb8 26. Rh5 $18) 25. Kb1 f5 26. Bc6 dxc3 27. bxc3 a6 28. Bb7 (28. Rxd8 $16 Rxd8 29. Rh5 Rd1+ 30. Kc2 Rd2+ 31. Kc1) 28... a5 (28... Rb8 $11 29. Rd7 (29. Bxa6 $2 Rb6 $19) 29... Rfe8) 29. Ba6 {[%emt 0:01:09] White stays focused until the end.} b4 30. cxb4 (30. Bxc4 bxc3 31. Rxd8 Rxd8 $18) 30... c3 31. b5 Bd2 (31... Rfe8 $16 32. Rxd8 (32. b6 Rd2 $16) 32... Bxd8) 32. Kc2 $18 Rfe8 (32... Rb8 $142 33. Rh5 Rf6) 33. b6 {[%emt 0:00:44] Hoping for b7.} Re4 $2 (33... Re6 34. Rb1 Rb8) 34. b7 Ra4 35. Ra1 Bf4 36. Rhd1 ({Not} 36. Kxc3 Be5+ 37. Kc2 Bxa1 38. Rxa1 Kxh7 $18) (36. g3 $142 Bc7 37. Rhe1 (37. Kxc3 Be5+ 38. Kc2 Bxa1 $18)) 36... Rxd1 37. Kxd1 {[%emt 0:01:07][%mdl 4096] Endgame. And now Kc2 would win. KRB-KRB} Be5 (37... Rb4 $142) 38. Kc2 {[%emt 0:00:12] [#] a3 would now be deadly.} Kxh7 39. Bd3 {[%emt 0:00:48][%cal Oa2a3] Black must now prevent a3!} Kg6 (39... Rf4 {might work better.} 40. f3 Rb4 41. Bxf5+ Kh6) 40. a3 Kf6 (40... Kf7 $142 41. f3 (41. Bxf5 Rf4 $18) 41... Kf6) 41. Re1 {[%emt 0:23:05][%cal Oe1e5] Rxe5! would kill now. White is clearly winning.} Bd6 42. Re8 {[%emt 0:01:27] Threatens to win with g3.} Rxa3 43. b8=Q Bxb8 44. Rxb8 Ra2+ 45. Kxc3 Rxf2 46. Rb2 {[%emt 0:00:16] Weighted Error Value: White=0.25 (precise) /Black=0.39.  Mistake:       	White=2     	Black=7      Inaccurate:     	---       	Black=2      OK:         	White=13    	Black=8      Best:        	White=4     	Black=2} (46. g4 $142) 1-0

[Event "Tsaghkadzor Open 2024"]
[Site "Tsaghkadzor"]
[Date "2024.10.03"]
[Round "6.1"]
[White "Nozdrachev, Vladislav"]
[Black "Karthik Venkataraman"]
[Result "0-1"]
[ECO "B33"]
[WhiteElo "2515"]
[BlackElo "2581"]
[Annotator "RC"]
[PlyCount "114"]
[EventDate "2024.09.13"]
[EventType "swiss"]
[EventCountry "ARM"]
[SourceTitle "playchess.com"]
[Source "ChessBase"]
[SourceQuality "1"]
[TimeControl "40/5400+30:1800+30"]

1. e4 c5 2. Nf3 Nc6 3. d4 cxd4 4. Nxd4 Nf6 5. Nc3 e5 6. Ndb5 d6 7. Nd5 Nxd5 8. exd5 Nb8 9. a4 Be7 10. Be2 O-O 11. O-O a6 12. Na3 Bf5 13. Nc4 Nd7 14. a5 Qc7 15. Be3 Bg6 16. Nb6 Rae8 17. Nxd7 Qxd7 18. c4 f5 19. Bb6 f4 20. Bg4 Bf5 21. Bxf5 Qxf5 22. f3 e4 23. fxe4 Qxe4 24. c5 f3 25. Rxf3 dxc5 26. Rxf8+ Bxf8 27. Bc7 Re7 28. d6 Rd7 29. Qb3+ c4 30. Qh3 Rf7 31. Qc8 Qd4+ 32. Kh1 Qxb2 33. Re1 Qe5 34. Rc1 Qe3 35. Rg1 Qd3 36. Qxb7 Qxd6 37. Bxd6 Rxb7 38. Bxf8 Kxf8 39. Rc1 c3 40. Kg1 Rc7 41. Rc2 Ke7 42. Kf2 Kd6 43. Ke2 Kd5 44. Kd1 Kc4 45. Re2 Rb7 46. Re6 Rb1+ 47. Kc2 Rb2+ 48. Kc1 Kb5 49. g3 Rxh2 50. Rb6+ Kxa5 51. Rb7 g6 52. Rb3 c2 53. Rb7 h6 54. Rg7 g5 55. Rb7 h5 56. Rg7 g4 57. Rb7 h4 0-1

[Event "Tsaghkadzor Open 2024"]
[Site "Tsaghkadzor"]
[Date "2024.10.03"]
[Round "6.3"]
[White "Gabuzyan, Hovhannes"]
[Black "Andriasian, Zaven"]
[Result "1/2-1/2"]
[ECO "C69"]
[WhiteElo "2579"]
[BlackElo "2558"]
[Annotator "RC"]
[PlyCount "66"]
[EventDate "2024.09.13"]
[EventType "swiss"]
[EventCountry "ARM"]
[SourceTitle "playchess.com"]
[Source "ChessBase"]
[SourceQuality "1"]
[TimeControl "40/5400+30:1800+30"]

1. e4 e5 2. Nf3 Nc6 3. Bb5 a6 4. Bxc6 dxc6 5. O-O f6 6. d4 exd4 7. Nxd4 Ne7 8. Be3 Ng6 9. Nd2 Bd6 10. c3 O-O 11. f4 Qe8 12. Qf3 f5 13. e5 Be7 14. b4 a5 15. a3 Qf7 16. h3 Ra6 17. b5 cxb5 18. Nxb5 Nh4 19. Qe2 Rg6 20. Rf2 Bd7 21. Kh2 Rc6 22. a4 Be6 23. Bd4 Ng6 24. Rb1 Bc4 25. Qe3 Qd5 26. g3 Rd8 27. Qf3 Qxf3 28. Rxf3 Bd5 29. Rf2 Nf8 30. Be3 Be6 31. Bd4 Bd5 32. Be3 Be6 33. Bd4 Bd5 1/2-1/2

[Event "Tsaghkadzor Open 2024"]
[Site "Tsaghkadzor"]
[Date "2024.10.03"]
[Round "6.4"]
[White "Lobanov, Sergei"]
[Black "Hakobyan, Erik"]
[Result "1-0"]
[ECO "D35"]
[WhiteElo "2506"]
[BlackElo "2386"]
[Annotator "RC"]
[PlyCount "51"]
[EventDate "2024.09.13"]
[EventType "swiss"]
[EventCountry "ARM"]
[SourceTitle "playchess.com"]
[Source "ChessBase"]
[SourceQuality "1"]
[TimeControl "40/5400+30:1800+30"]

1. d4 Nf6 2. c4 e6 3. Nc3 d5 4. cxd5 exd5 5. Bg5 Bb4 6. e3 h6 7. Bh4 g5 8. Bg3 Ne4 9. a3 Bxc3+ 10. bxc3 h5 11. f3 Nxg3 12. hxg3 Qd6 13. g4 h4 14. Nh3 Rg8 15. Bd3 Be6 16. Qb3 Qg3+ 17. Kf1 b6 18. Nf4 Bxg4 19. Ne2 Qd6 20. fxg4 Nd7 21. Rh3 Nf6 22. Bf5 Kf8 23. c4 Re8 24. cxd5 Kg7 25. Kg1 Re7 26. Nc3 1-0

[Event "Tsaghkadzor Open 2024"]
[Site "Tsaghkadzor"]
[Date "2024.10.03"]
[Round "6.5"]
[White "Gharibyan, Mamikon"]
[Black "Davtyan, Arsen"]
[Result "1/2-1/2"]
[ECO "C84"]
[WhiteElo "2472"]
[BlackElo "2377"]
[Annotator "RC"]
[PlyCount "72"]
[EventDate "2024.09.13"]
[EventType "swiss"]
[EventCountry "ARM"]
[SourceTitle "playchess.com"]
[Source "ChessBase"]
[SourceQuality "1"]
[TimeControl "40/5400+30:1800+30"]

1. e4 e5 2. Nf3 Nc6 3. Bb5 a6 4. Ba4 Nf6 5. O-O Be7 6. d3 b5 7. Bb3 d6 8. Bd2 O-O 9. Re1 h6 10. h3 Re8 11. a3 Bf8 12. Nc3 Na5 13. Ba2 c5 14. b4 Nc6 15. Nd5 Rb8 16. c4 Bd7 17. Rb1 Nxd5 18. cxd5 Nd4 19. Nxd4 cxd4 20. f4 exf4 21. Bxf4 Rc8 22. Qf3 Qf6 23. Qg3 g5 24. Rf1 Qg6 25. Bc1 Bg7 26. Bb2 Be5 27. Qf2 Qg7 28. Bb3 Rf8 29. g4 Rc7 30. Rbc1 Rfc8 31. Rxc7 Rxc7 32. Kg2 Rc8 33. Bd1 Rc7 34. Bf3 Rc8 35. Bd1 Rc7 36. Bf3 Rc8 1/2-1/2

[Event "Tsaghkadzor Open 2024"]
[Site "Tsaghkadzor"]
[Date "2024.10.03"]
[Round "6.8"]
[White "Goganov, Aleksey"]
[Black "Gong, Sunle"]
[Result "1/2-1/2"]
[ECO "C42"]
[WhiteElo "2463"]
[BlackElo "2226"]
[Annotator "RC"]
[PlyCount "65"]
[EventDate "2024.09.13"]
[EventType "swiss"]
[EventCountry "ARM"]
[SourceTitle "playchess.com"]
[Source "ChessBase"]
[SourceQuality "1"]
[TimeControl "40/5400+30:1800+30"]

1. e4 e5 2. Nf3 Nf6 3. Nxe5 d6 4. Nf3 Nxe4 5. d4 d5 6. Bd3 Bd6 7. O-O O-O 8. c4 c6 9. Re1 Bf5 10. cxd5 cxd5 11. Nc3 Nxc3 12. bxc3 Bxd3 13. Qxd3 Nd7 14. Qf5 Nb6 15. Ng5 g6 16. Qh3 h5 17. g4 Qd7 18. gxh5 Rfe8 19. Rxe8+ Rxe8 20. Qxd7 Nxd7 21. hxg6 Re1+ 22. Kg2 fxg6 23. Nf3 Rd1 24. Bb2 Rxa1 25. Bxa1 Nb6 26. Ne1 Kf7 27. Nd3 Ke6 28. h3 Na4 29. Kf3 Kf5 30. Ne1 Bf4 31. Ke2 a5 32. Nc2 Nb6 33. Bb2 1/2-1/2